 Dungeon Crawl Stone Soup version 0.24.0-1-gfbc8707122 (webtiles) character file.

Game seed: 6470363404609658598, levelgen mode: deterministic

87 DavidChitty2 the Magician (level 4, -2/26 HPs)
             Began as a Gargoyle Wizard on Oct 28, 2019.
             Slain by an iguana (9 damage)
             ... on level 2 of the Dungeon.
             The game lasted 00:03:06 (2211 turns).

DavidChitty2 the Magician (Gargoyle Wizard)         Turns: 2211, Time: 00:03:07

Health: -2/26      AC: 13    Str: 12    XL:     4   Next: 51%
Magic:  8/8        EV:  5    Int: 18    God:
Gold:   18         SH:  0    Dex:  8    Spells: 8/9 levels left

rFire    . . .     SeeInvis .   a - +0 mace
rCold    . . .     Gourm    .   (no shield)
rNeg     + . .     Faith    .   f - +0 chain mail
rPois    ∞         Spirit   .   b - +0 hat
rElec    +         Reflect  .   i - +0 cloak
rCorr    .         Harm     .   (no gloves)
MR       .....                  (no boots)
Stlth    ..........             (no amulet)
HPRegen  0.08/turn              (no ring)
MPRegen  0.11/turn              (no ring)

@: no status effects
A: negative energy resistance 1, electricity resistance, unbreathing,
petrification resistance, rot immunity, AC +3
a: no special abilities


You were on level 2 of the Dungeon.
You were not hungry.

You visited 1 branch of the dungeon, and saw 2 of its levels.

You collected 18 gold pieces.

Inventory:

Hand Weapons
 a - a +0 mace (weapon)
   (You found it on level 1 of the Dungeon)
Missiles
 d - 26 poisoned darts (quivered)
 g - 59 stones
Armour
 b - a +0 hat (worn)
 f - a +0 chain mail (worn)
   (You found it on level 1 of the Dungeon)
 i - a +0 cloak (worn)
   (You found it on level 1 of the Dungeon)
Scrolls
 c - 3 scrolls of identify {unknown}
 h - a scroll of teleportation {unknown}
 m - a scroll of fear {unknown}
 n - a scroll of amnesia {unknown}
 o - 2 scrolls of blinking {unknown}
 p - a scroll of random uselessness {unknown}
Potions
 j - 2 potions of curing {@q1}
 l - a potion of flight {unknown}
 q - a potion of haste {@q3}
Comestibles
 e - 3 rations {!d}
 k - 2 chunks of flesh


   Skills:
 + Level 2.1 Fighting
 * Level 2.4 Maces & Flails
 + Level 2.2 Armour
 - Level 1.5 Dodging
 - Level 2.1 Stealth
 - Level 3.0 Spellcasting
 - Level 1.1 Conjurations
   Level 0.8 Summonings
   Level 0.8 Translocations


You had 8 spell levels left.
You knew the following spells:

 Your Spells              Type           Power        Failure   Level  Hunger
a - Magic Dart            Conj           #...         99%         1    None

Your spell library contained the following spells:

 Spells                   Type           Power        Failure   Level  Hunger
 Apportation              Tloc           #.....       99%         1    None
 Summon Small Mammal      Summ           #...         99%         1    None
 Animate Skeleton         Necr           N/A          100%        1    None
 Confusing Touch          Hex            #.....       100%        1    None
 Blink                    Tloc           N/A          100%        2    ##.....
 Call Imp                 Summ           #.......     100%        2    ##.....
 Slow                     Hex            #.......     100%        2    ##.....
 Conjure Flame            Conj/Fire      #.......     100%        3    ###....
 Mephitic Cloud           Conj/Pois/Air  #.......     100%        3    ###....


Dungeon Overview and Level Annotations

Branches:
Dungeon (2/15)

Altars:


Innate Abilities, Weirdness & Mutations

You are resistant to torment.
Your stone body is resilient. (AC +3)
You are immune to poison.
You resist negative energy. (rN+)
You are resistant to electric shocks. (rElec)
You can survive without breathing.
You are immune to petrification.
You are immune to rotting.


Message History

The goblin hits you but does no damage.
Your chain mail prevents you from hitting the goblin.
The goblin barely misses you.
You closely miss the goblin. The goblin closely misses you.
You hit the goblin.
You kill the goblin!
No target in view!
g - 43 stones (gained 1)
g - 44 stones (gained 1)
There is an open door here.
g - 45 stones (gained 1)
There is an open door here.
g - 59 stones (gained 14)
Things that are here:
a +0 hunting sling; a goblin corpse You butcher the goblin corpse.
k - 3 chunks of flesh
Things that are here:
a +0 hunting sling; a goblin skeleton
Things that are here:
a +0 hunting sling; a goblin skeleton Eating one of 3 chunks of flesh.
You eat one of the 3 chunks of flesh.
j - 2 potions of curing {@q1} (gained 1)
Found 23 arrows.
You see here 23 arrows.
An iguana comes into view.
The iguana hisses angrily.
Found a stone staircase leading down.
The iguana bites you but does no damage.
You hit the iguana but do no damage.
The iguana bites you but does no damage.
You hit the iguana but do no damage.
The iguana bites you but does no damage.
You hit the iguana.
The iguana bites you but does no damage. x2
You barely miss the iguana.
The iguana bites you but does no damage.
You hit the iguana but do no damage. The iguana barely misses you.
You hit the iguana. The iguana bites you.
You hit the iguana but do no damage. The iguana closely misses you.
The iguana bites you!
Your chain mail prevents you from hitting the iguana.
The iguana bites you!
* * * LOW HITPOINT WARNING * * *
Your chain mail prevents you from hitting the iguana.
The iguana completely misses you.
Your chain mail prevents you from hitting the iguana.
The iguana barely misses you. x2
You closely miss the iguana. The iguana bites you!
You die...

#### ..>#
#..# #..#
#..# #.l#
#.@# #..#
#..# #..#
#..#######
#.........
#.########
#.# #.#


You could see an iguana.

Vanquished Creatures
  Jessica (D:2)
  A worker ant (D:2)
  An ooze (D:1)
  A dart slug (D:1)
  A leopard gecko (D:1)
  3 bats
  2 giant cockroaches (D:1)
  6 goblins
  5 hobgoblins
  2 jackals (D:2)
  A kobold (D:1)
  A frilled lizard (D:1)
  2 rats (D:1)
27 creatures vanquished.

Notes
Turn   | Place    | Note
-------+----------+-------------------------------------------
     0 | D:1      | DavidChitty2 the Gargoyle Wizard began the quest for the
                  | Orb.
     0 | D:1      | Reached XP level 1. HP: 10/10 MP: 4/4
   438 | D:1      | Reached skill level 1 in Fighting
   438 | D:1      | Reached skill level 1 in Armour
   451 | D:1      | Reached XP level 2. HP: 16/16 MP: 4/6
   935 | D:1      | You fall into a shaft and drop 1 floor!
  1027 | D:2      | Reached skill level 1 in Maces & Flails
  1153 | D:2      | Reached XP level 3. HP: 7/21 MP: 7/7
  1480 | D:1      | Reached XP level 4. HP: 19/26 MP: 8/8
  1837 | D:2      | Noticed Jessica
  1867 | D:2      | Killed Jessica
  2211 | D:2      | Slain by an iguana

Levels and vault maps discovered:
D:1:      elethiomel_arrival_shortcut, layout_basic
D:2:      cheibrodos_greedy_goblins, layout_basic, first_ration, uniq_jessica,
          uniq_crazy_yiuf_cottage, uniq_terence

Skill      XL: |  1  2  3  4 |
---------------+-------------+-----
Fighting       | 1 2 |  2.1
Armour         | 1 2 |  2.2
Maces & Flails | 1 2 |  2.4
Dodging        | |  1.5
Stealth        | |  2.1
Spellcasting   | |  3.0
Conjurations   | |  1.1
Summonings     | |  0.8
Translocations | |  0.8

Action                   |  1- 3 |  4- 6 || total
-------------------------+-------+-------++-------
Melee: Dagger            |    15 |       ||    15
       Mace              |    93 |    32 ||   125
 Cast: Magic Dart        |    20 |       ||    20
  Use: Potion            |       |     2 ||     2
  Eat: Chunk             |     2 |     2 ||     4
Armor: Robe              |     9 |       ||     9
       Scale mail        |    79 |     2 ||    81
       Chain mail        |       |    25 ||    25
Dodge: Dodged            |    80 |    13 ||    93
